 Dungeon Crawl Stone Soup version 0.22.1-2-g9c5b331383 (webtiles) character file.

33266 Ihlosi the Fighter (level 14, -2/94 HPs)
             Began as a Kobold Gladiator on Dec 11, 2018.
             Was the Champion of Kikubaaqudgha.
             Slain by an eight-headed hydra (7 damage)
             ... on level 3 of the Lair of Beasts on Dec 12, 2018.
             The game lasted 01:13:13 (19764 turns).

Ihlosi the Fighter (Kobold Gladiator)              Turns: 19764, Time: 01:13:13

Health: -2/94      AC: 12    Str: 24    XL:     14   Next: 7%
Magic:  20/20      EV: 21    Int: 10    God:    Kikubaaqudgha [******]
Gold:   780        SH:  0    Dex: 17    Spells: 14/19 levels left

rFire    . . .     SeeInvis .   c - +2 dagger (freeze)
rCold    . . .     Gourm    .   (shield restricted)
rNeg     . . .     Faith    .   T - +1 leather armour {MR+}
rPois    .         Spirit   .   J - +2 helmet of Litomuk {rCorr Str+4}
rElec    .         Reflect  .   G - +1 cloak {+Inv}
rCorr    +         Harm     .   (no gloves)
MR       ++...                  t - +2 pair of boots
Stlth    ++++++....             (no amulet)
HPRegen  0.25/turn              s - +5 ring of strength
MPRegen  0.17/turn              I - ring of stealth

@: no status effects
A: small, carnivore
a: Receive Corpses, Torment, Renounce Religion, Evoke Invisibility


You were on level 3 of the Lair of Beasts.
You worshipped Kikubaaqudgha.
Kikubaaqudgha was exalted by your worship.
You were not hungry.

You visited 3 branches of the dungeon, and saw 16 of its levels.
You also visited: Labyrinth, Ossuary and Bailey.

You collected 1154 gold pieces.
You spent 374 gold pieces at shops.

Inventory:

Hand Weapons
 a - a +3 long sword
 c - a +2 dagger of freezing (weapon)
 d - a +0 dagger of venom
 r - a +0 blowgun
 C - a +0 hand crossbow
Missiles
 m - 42 poisoned needles
 u - 2 curare-tipped needles
 L - 22 bolts
 S - 2 throwing nets (quivered)
Armour
 h - a scarf of cloud immunity
 t - a +2 pair of boots (worn)
 G - a +1 cloak of invisibility (worn)
 J - the +2 helmet of Litomuk (worn) {rCorr Str+4}
   (You bought it in a shop on level 7 of the Dungeon)

   It affects your strength (+4).
   It provides partial protection from all sources of acid and corrosion.
 T - a +1 leather armour of magic resistance (worn)
Jewellery
 s - a +5 ring of strength (left hand)
 A - an uncursed ring of protection from magic
 I - a ring of stealth (right hand)
 M - an uncursed ring of poison resistance
 Y - an uncursed ring of see invisible
Wands
 b - a wand of polymorph (10)
 k - a wand of enslavement (6)
 o - a wand of digging (12)
 w - a wand of disintegration (12)
 y - a wand of random effects (94)
 F - a wand of iceblast (5)
 Q - a wand of flame (28)
 R - a wand of paralysis (11)
 W - a wand of acid (10)
Scrolls
 j - a scroll of identify
 p - 11 scrolls of remove curse
 z - 7 scrolls of enchant weapon
 E - 5 scrolls of teleportation
 H - 2 scrolls of amnesia
 K - a scroll of fear
 P - a scroll of magic mapping
 U - 6 scrolls of immolation
Potions
 g - 4 potions of flight
 i - a potion of might
 l - a potion of resistance
 n - 3 potions of curing
 q - 3 potions of cancellation
 B - 2 potions of heal wounds
 D - a potion of lignification
 X - a potion of invisibility
Comestibles
 f - 28 rations


   Skills:
 * Level 13.2 Fighting
 - Level 9.0(11.9) Short Blades
 * Level 8.4(9.2) Long Blades
 * Level 6.3 Crossbows
 - Level 2.1 Throwing
 - Level 3.0 Armour
 * Level 9.1 Dodging
 - Level 12.0 Stealth
 * Level 3.3 Spellcasting
 * Level 3.3 Necromancy
 * Level 9.2 Evocations


You had 14 spell levels left.
You knew the following spells:

 Your Spells              Type           Power        Failure   Level  Hunger
a - Pain                  Necr           #...         8%          1    #......
b - Animate Skeleton      Necr           N/A          8%          1    #......
c - Vampiric Draining     Necr           #.........   24%         3    ###....

Your spell library contained the following spells:

 Spells                   Type           Power        Failure   Level  Hunger
 Sublimation of Blood     Necr           #.........   12%         2    ###....
 Corona                   Hex            #......      30%         1    #......
 Infusion                 Chrm           #...         30%         1    #......
 Shroud of Golubria       Chrm/Tloc      #.........   43%         2    ###....
 Slow                     Hex            #.......     43%         2    ###....
 Song of Slaying          Chrm           #.......     43%         2    ###....
 Regeneration             Chrm/Necr      #.........   43%         3    ###....
 Animate Dead             Necr           N/A          61%         4    #####..
 Gell's Gravitas          Tloc           #.........   67%         3    ###....
 Inner Flame              Hex/Fire       #.......     67%         3    ###....
 Portal Projectile        Hex/Tloc       #.....       67%         3    ###....
 Spectral Weapon          Hex/Chrm       #.......     67%         3    ###....
 Agony                    Necr           #.......     91%         5    ######.
 Dispel Undead            Necr           #.......     91%         5    ######.
 Cause Fear               Hex            #.........   97%         4    #####..
 Leda's Liquefaction      Hex/Erth       #.........   97%         4    #####..
 Passage of Golubria      Tloc           N/A          97%         4    #####..
 Throw Icicle             Conj/Ice       #.......     97%         4    #####..
 Bolt of Draining         Conj/Necr      #.........   99%         5    ######.
 Borgnjor's Vile Clutch   Necr/Erth      #.........   99%         5    ######.
 Metabolic Englaciation   Hex/Ice        #.........   100%        5    ######.
 Haunt                    Necr/Summ      #.........   100%        7    #######
 Borgnjor's Revivificati  Necr           #.........   100%        8    #######
 Death's Door             Chrm/Necr      #.........   100%        8    #######
 Infestation              Necr           #.........   100%        8    #######
 Necromutation            Tmut/Necr      #.........   100%        8    #######


Dungeon Overview and Level Annotations

Branches:
Dungeon (11/15)            Temple (1/1) D:4            Lair (4/6) D:10
  Swamp (0/4) Lair:2        Snake (0/4) Lair:2          Orc (0/2) D:9

Altars:
Ashenzari
Cheibriados
Dithmenos
Elyvilon
Fedhas
Gozag
Hepliaklqana
Kikubaaqudgha
Makhleb
Nemelex Xobeh
Okawaru
Qazlal
Ru
Sif Muna
Trog
Uskayaw
Vehumet
Wu Jian
Xom
Yredelemnul
Zin
The Shining One
Jiyva

Shops:
D:7 :%[   D:11 *

Annotations:
D:2 Gnolls
D:7 2 transporters, 3 runed doors, Toogi's ghost, novice HaSk
Lair:2 3 runed doors, Ebbaamay's ghost, journeyman DDFi


Innate Abilities, Weirdness & Mutations

You are small and have problems with some larger weapons.
You are carnivorous and can eat meat at any time.


Message History

The six-headed hydra bites you!
* * * LOW HITPOINT WARNING * * *
The six-headed hydra completely misses you. x2
The six-headed hydra bites you.
* * * LOW HITPOINT WARNING * * *
You climb upwards.
There is a stone staircase leading down here.
Okay, then.
Okay, then.
The eight-headed hydra completely misses you.
The eight-headed hydra bites you but does no damage.
The eight-headed hydra barely misses you.
The eight-headed hydra bites you!
* * * LOW HITPOINT WARNING * * *
The eight-headed hydra bites you but does no damage.
The eight-headed hydra closely misses you.
The eight-headed hydra barely misses you.
The eight-headed hydra bites you!
You die...
Kikubaaqudgha rasps: "You have failed me!
Welcome... death!"

#...P≈≈≈≈≈≈.P#≈..≈P#
##...P≈≈≈≈≈≈..#≈...≈#
#.....P≈≈≈≈≈..#PP.≈.#
#############......≈≈≈≈≈P≈#####'#
P.#...#...P.##....P≈≈≈≈≈.≈#≈≈≈..#
................#####≈≈≈≈≈#.≈#≈≈#
#P####..........#.≈≈#≈≈≈≈≈###.#+#
### ##.........#..≈#≈≈≈≈.≈≈≈#≈≈#
## #.........D@...........≈'≈.#
.#####P.........D..≈#≈≈≈≈≈...####
...................≈#≈≈≈≈≈≈.....#
....P.+#........#####≈≈≈≈≈≈≈..P.#
..P..................P≈≈≈≈≈≈≈≈PP#
...........>...........≈≈≈≈≈≈≈≈.#
..#.........#...........≈≈≈≈≈≈≈≈≈
............#...........P≈≈≈≈≈≈≈≈
..#...#.P.#................≈≈≈≈≈≈


You could see an eight-headed hydra and a six-headed hydra.

Vanquished Creatures
  A minotaur (Lab)
  3 hydras (Lair:3)
  Harold (D:10)
  2 two-headed ogres
  A centaur warrior (D:11)
  Sonja (Lair:2)
  A deep elf knight (Bailey)
  11 deep elf magi (Bailey)
  A manticore (D:11)
  An ugly thing (D:11)
  6 elephants (Lair:2)
  5 spiny frogs
  2 black mambas
  A troll (D:11)
  2 hornets
  A dream sheep (Lair:1)
  3 hippogriffs
  11 blink frogs (Lair:1)
  2 shadows (Lab)
  A wraith (D:7)
  A redback (Lab)
  25 yaks
  2 wyverns
  A basilisk (Lair:1)
  Grum (D:9)
  9 hungry ghosts
  3 nagas (Lair:2)
  2 two-headed ogre zombies (D:9)
  5 water moccasins
  An acid dragon (D:11)
  9 porcupines
  4 orc warriors
  A sky beast (D:8)
  2 necrophages
  2 black bears (D:10)
  4 ice beasts
  3 phantoms
  3 ogres
  2 wolves (D:9)
  4 centaurs
  5 crocodiles
  2 big kobolds
  An elf zombie (Ossuary)
  12 bullfrogs
  A wyvern zombie (D:9)
  4 scorpions
  3 troll zombies (D:9)
  11 wights
  A vampire bat (D:11)
  5 crimson imps
  2 jellies
  7 hounds
  A quasit (D:10)
  6 orc priests
  A gnoll shaman (D:5)
  8 orc wizards
  An iron imp (D:9)
  Terence (D:3)
  4 iguanas
  4 worker ants
  3 ogre zombies (D:9)
  4 hound zombies
  2 hound skeletons
  3 mummies (Ossuary)
  A howler monkey zombie (D:6)
  9 gnolls
  2 howler monkey skeletons
  12 adders
  2 shadow imps
  2 adder zombies (Ossuary)
  An adder skeleton (D:2)
  2 worms
  A dart slug (D:1)
  8 leopard geckos
  54 orcs
  8 giant cockroaches
  12 hobgoblins
  3 jackals (D:6)
  8 quokkas
  11 bats
  7 frilled lizards
  7 goblins
  A goblin skeleton (D:9)
  7 goblin zombies
  A hobgoblin skeleton (D:9)
  7 hobgoblin zombies
  16 kobolds
  4 kobold zombies (Ossuary)
  A leopard gecko zombie (D:5)
  4 orc skeletons (D:9)
  13 orc zombies (D:9)
  2 quokka zombies (Ossuary)
  8 rats
  2 rat zombies (Ossuary)
449 creatures vanquished.

Vanquished Creatures (collateral kills)
  2 yaks (Lair:3)
  3 bats (D:11)
5 creatures vanquished.

Vanquished Creatures (others)
  A giant cockroach (D:3)
  17 fungi
  6 plants
24 creatures vanquished.

Grand Total: 478 creatures vanquished

Notes
Turn   | Place    | Note
-------+----------+-------------------------------------------
     0 | D:1      | Ihlosi the Kobold Gladiator began the quest for the Orb.
     0 | D:1      | Reached XP level 1. HP: 12/12 MP: 1/1
   129 | D:1      | Reached XP level 2. HP: 7/17 MP: 2/2
   418 | D:1      | Reached XP level 3. HP: 22/22 MP: 3/3
  1067 | D:2      | Reached skill level 1 in Stealth
  1367 | D:3      | Reached skill level 5 in Short Blades
  1367 | D:3      | Reached skill level 1 in Armour
  1367 | D:3      | Reached XP level 4. HP: 12/27 MP: 4/4
  1588 | D:3      | Noticed Terence
  1697 | D:2      | Reached XP level 5. HP: 22/31 MP: 5/5
  2438 | D:3      | Reached skill level 3 in Fighting
  2520 | D:3      | Found a stormy altar of Qazlal.
  2546 | D:3      | Reached XP level 6. HP: 33/37 MP: 6/6
  2770 | D:3      | Reached skill level 5 in Dodging
  2828 | D:3      | Killed Terence
  2857 | D:3      | Found a deep blue altar of Sif Muna.
  3327 | D:4      | Found an opulent altar of Gozag.
  3345 | D:4      | Found a staircase to the Ecumenical Temple.
  3360 | Temple   | Entered the Ecumenical Temple
  3456 | Temple   | Became a worshipper of Kikubaaqudgha
  3834 | D:4      | Reached skill level 1 in Evocations
  3841 | D:4      | Reached XP level 7. HP: 18/41 MP: 7/7
  4135 | D:5      | Entered Level 5 of the Dungeon
  4321 | D:5      | Reached skill level 4 in Fighting
  4760 | D:5      | Reached XP level 8. HP: 29/48 MP: 9/9
  4921 | D:5      | Reached * piety under Kikubaaqudgha
  4921 | D:5      | Identified Kikubaaqudgha's Handbook of Black Secrets
                  | (Kikubaaqudgha gifted it to you on level 5 of the Dungeon)
  4921 | D:5      | Received a gift from Kikubaaqudgha
  4927 | D:5      | Learned a level 1 spell: Animate Skeleton
  4929 | D:5      | Learned a level 1 spell: Pain
  4933 | D:5      | Learned a level 3 spell: Vampiric Draining
  5152 | D:5      | Found a bloodstained altar of Trog.
  5396 | D:5      | Found a glowing golden altar of the Shining One.
  5398 | D:5      | Noticed an angel
  5413 | D:5      | Found a basalt altar of Yredelemnul.
  5415 | D:5      | Noticed a profane servitor
  5662 | D:6      | Found a sand-covered staircase.
  5720 | Ossuary  | Entered an ossuary
  5859 | Ossuary  | Reached skill level 5 in Stealth
  6087 | D:6      | Reached skill level 5 in Fighting
  6249 | D:6      | Found a sparkling altar of Nemelex Xobeh.
  6509 | D:7      | Reached XP level 9. HP: 47/54 MP: 11/11
  6511 | D:7      | Reached ** piety under Kikubaaqudgha
  6564 | D:7      | Noticed Toogi's ghost (novice HaSk)
  6574 | D:7      | Found Ycoogarr's Antique Armour Shoppe.
  6584 | D:7      | Bought a twisted helmet for 266 gold pieces
  6594 | D:7      | Identified the +2 helmet of Litomuk {rCorr Str+4} (You
                  | bought it in a shop on level 7 of the Dungeon)
  6678 | D:7      | Found a transporter.
  6747 | D:7      | Found a transporter.
  6750 | D:7      | Noticed a manticore
  6796 | D:7      | Identified the Catalogue of the Glacier and the Traveller
  6845 | D:7      | Found an iron altar of Okawaru.
  6886 | D:7      | Reached skill level 6 in Fighting
  6899 | D:7      | Reached skill level 5 in Evocations
  7215 | D:7      | Reached skill level 1 in Long Blades
  7231 | D:7      | Found Xics's Book Boutique.
  7333 | D:7      | Found a runed gate.
  7333 | D:7      | Found a runed gate.
  7333 | D:7      | Found a runed gate.
  7337 | D:7      | Found a shadowy altar of Dithmenos.
  7499 | D:7      | Found Laasazor's Food Boutique.
  7513 | D:7      | Reached skill level 7 in Fighting
  7810 | D:8      | Reached XP level 10. HP: 51/63 MP: 14/14
  7826 | D:8      | Reached *** piety under Kikubaaqudgha
  7826 | D:8      | Identified Kikubaaqudgha's Incunabulum of Darkness
                  | (Kikubaaqudgha gifted it to you on level 8 of the Dungeon)
  7826 | D:8      | Received a gift from Kikubaaqudgha
  8234 | D:8      | Found a burning altar of Makhleb.
  8309 | D:8      | Found a shimmering altar of Xom.
  8369 | D:8      | Found a glowing silver altar of Zin.
  8408 | D:8      | Reached skill level 8 in Fighting
  8439 | D:8      | Found a radiant altar of Vehumet.
  8470 | D:8      | Paralysed by a hornet for 2 turns
  8928 | D:8      | Noticed a two-headed ogre
  9159 | D:8      | Killed a two-headed ogre
  9159 | D:8      | Reached skill level 1 in Crossbows
  9325 | D:8      | Paralysed by a big kobold for 7 turns
  9625 | D:8      | Reached skill level 5 in Long Blades
  9836 | D:9      | Reached **** piety under Kikubaaqudgha
  9853 | D:9      | Noticed Grum
  9871 | D:9      | Reached skill level 9 in Fighting
  9875 | D:9      | Killed Grum
  9929 | D:9      | Reached XP level 11. HP: 50/71 MP: 15/15
 10005 | D:9      | Noticed a two-headed ogre
 10200 | D:9      | Found a staircase to the Orcish Mines.
 10453 | D:9      | Killed a two-headed ogre
 10686 | D:9      | Reached ***** piety under Kikubaaqudgha
 10991 | D:9      | Identified a scroll of acquirement
 11282 | D:9      | Found a snail-covered altar of Cheibriados.
 11308 | D:10     | Entered Level 10 of the Dungeon
 11510 | D:10     | Found a staircase to the Lair.
 12022 | D:10     | Reached skill level 1 in Spellcasting
 12022 | D:10     | Reached skill level 1 in Necromancy
 12354 | D:10     | Noticed Harold
 12359 | D:10     | Killed Harold
 12807 | D:11     | Found Alaqu's Assorted Antiques.
 12826 | D:11     | Reached skill level 10 in Fighting
 12836 | D:11     | Bought a scroll labeled GOK YTUTICEIKH for 36 gold pieces
 12836 | D:11     | Bought a scroll labeled GOK YTUTICEIKH for 36 gold pieces
 12836 | D:11     | Bought a scroll labeled GOK YTUTICEIKH for 36 gold pieces
 12864 | D:11     | Found a flagged portal.
 12899 | Bailey   | Entered a bailey
 12905 | Bailey   | Noticed a deep elf mage
 12919 | Bailey   | Killed a deep elf mage
 12937 | Bailey   | Noticed a deep elf mage
 12938 | Bailey   | Noticed a deep elf mage
 12938 | Bailey   | Noticed a deep elf mage
 12938 | Bailey   | Noticed a deep elf mage
 12942 | Bailey   | Killed a deep elf mage
 12942 | Bailey   | Reached XP level 12. HP: 77/77 MP: 16/16
 12964 | Bailey   | Reached skill level 5 in Crossbows
 13567 | Bailey   | Noticed a deep elf knight
 13571 | Bailey   | Killed a deep elf knight
 13790 | D:11     | Noticed a centaur warrior
 13846 | D:11     | Killed a centaur warrior
 13846 | D:11     | Reached skill level 10 in Stealth
 13988 | D:11     | Got a coiled steel ring
 13990 | D:11     | Identified the cursed ring "Zasea" {rF+ rC+ MR+ Dex-3
                  | Slay-3} (You found it on level 11 of the Dungeon)
 14509 | Lair:1   | Entered Level 1 of the Lair of Beasts
 14717 | Lair:1   | Reached XP level 13. HP: 84/84 MP: 18/18
 14879 | Lair:1   | Reached skill level 11 in Fighting
 16613 | Lair:2   | Found a runed gate.
 16627 | Lair:2   | Found a staircase to the Swamp.
 16672 | Lair:2   | Noticed Sonja
 16685 | Lair:2   | Killed Sonja
 16685 | Lair:2   | Reached skill level 12 in Fighting
 17040 | Lair:2   | Found a runed gate.
 17041 | Lair:2   | Found a runed gate.
 17044 | Lair:2   | Noticed Ebbaamay's ghost (journeyman DDFi)
 17044 | Lair:2   | Noticed a death ooze
 17694 | Lair:2   | Found a staircase to the Snake Pit.
 17961 | Lair:2   | Found a viscous altar of Jiyva.
 18035 | Lair:3   | Found a labyrinth entrance.
 18063 | Lab      | Entered a labyrinth
 18154 | Lab      | Noticed a minotaur
 18164 | Lab      | Killed a minotaur
 18254 | Lab      | Reached skill level 13 in Fighting
 18873 | Lair:3   | Noticed a six-headed hydra
 18884 | Lair:3   | Killed a six-headed hydra
 18927 | Lair:3   | Reached ****** piety under Kikubaaqudgha
 19068 | Lair:3   | Noticed a seven-headed hydra
 19076 | Lair:3   | Killed a seven-headed hydra
 19076 | Lair:3   | Reached XP level 14. HP: 94/94 MP: 20/20
 19683 | Lair:3   | Received a gift from Kikubaaqudgha
 19764 | Lair:3   | Slain by an eight-headed hydra

Skill      XL: |  1  2  3  4  5  6  7  8  9 10 11 12 13 |
---------------+----------------------------------------+-----
Dodging        | 4 5 6 8 9 |  9.1
Stealth        | 1 2 3 4 5 6 7 9 10 12 | 12.0
Short Blades   | 5 6 8 9 |  9.0
Armour         | 1 2 3 |  3.0
Fighting       | 3 4 5 7 9 10 13 | 13.2
Evocations     | 1 2 3 5 6 7 9 |  9.2
Long Blades    | 2 5 6 7 8 |  8.4
Crossbows      | 2 4 6 |  6.3
Spellcasting   | 2 3 |  3.3
Necromancy     | 1 3 |  3.3
Throwing       | |  2.1

Action                   |  1- 3 |  4- 6 |  7- 9 | 10-12 | 13-15 || total
-------------------------+-------+-------+-------+-------+-------++-------
Melee: Rapier            |   132 |   220 |   293 |     5 |       ||   650
       Dagger            |       |       |     3 |   136 |   120 ||   259
       Short sword       |       |       |    34 |       |       ||    34
       Long sword        |       |       |    79 |   529 |   216 ||   824
 Fire: Blowgun           |       |       |       |       |     2 ||     2
       Hand crossbow     |       |       |       |       |     1 ||     1
Throw: Throwing net      |       |       |     2 |     6 |       ||     8
 Cast: Animate Skeleton  |       |       |       |    10 |     2 ||    12
       Vampiric Draining |       |       |       |       |     3 ||     3
Invok: Receive Necronomi |       |       |       |       |     1 ||     1
 Abil: Evoke Invisibilit |       |       |       |     3 |     3 ||     6
Evoke: Wand              |       |       |    21 |    28 |     8 ||    57
  Use: Scroll            |       |    12 |       |    13 |     6 ||    31
       Potion            |       |     2 |       |    11 |     4 ||    17
 Stab: Sleeping          |     2 |     5 |    17 |    21 |    13 ||    58
       Distracted        |       |     1 |     1 |     3 |       ||     5
       Held in net/web   |       |       |     1 |     8 |       ||     9
       Paralysed         |       |       |       |     6 |     4 ||    10
       Invisible         |       |       |       |     4 |    11 ||    15
  Eat: Chunk             |     9 |     7 |    17 |    37 |    20 ||    90
Armor: Leather armour    |    26 |    44 |    74 |   119 |    48 ||   311
       Skin              |       |       |       |     4 |       ||     4
Dodge: Dodged            |   102 |   168 |   277 |   615 |   252 ||  1414
       Rpst.: Long sword |       |       |    21 |   159 |    51 ||   231
